 Dungeon Crawl Stone Soup version 0.30-a0-639-g3916f1956a (webtiles) character file.

Game seed: 12796178543857685407

52671 quinnr the Stormcaller (level 14, -16/80 HPs)
             Began as a Tengu Air Elementalist on Jan 16, 2023.
             Was a High Priest of Sif Muna.
             Demolished by a komodo dragon (shapeshifter) (22 damage)
             ... on level 10 of the Dungeon.
             The game lasted 01:08:01 (28296 turns).

quinnr the Stormcaller (Tengu Air Elementalist)    Turns: 28296, Time: 01:08:02

Health: -16/80     AC:  6    Str:  9    XL:     14   Next: 65%
Magic:  22/36      EV: 19    Int: 15    God:    Sif Muna [*****.]
Gold:   717        SH:  0    Dex: 15    Spells: 8/29 levels left

rFire   . . .      SeeInvis .    S - staff of air {!a}
rCold   + + .      Faith    .    (no shield)
rNeg    . . .      Spirit   .    Q - +2 robe "Syatoj" {rPois rC++ Regen+ Int-5}
rPois   +          Reflect  .    (helmet restricted)
rElec   +          Harm     .    y - +0 cloak
rCorr   .          Rampage  .    g - +0 pair of gloves
Will    ++...                    (boots unavailable)
Stlth   +++                      (no amulet)
HPRegen 1.13/turn                M - ring of magical power
MPRegen 0.25/turn                W - ring of willpower

@: flying quickly and evasively, studying Staves, quick
A: beak, talons 3, nimble flight
a: Renounce Religion, Channel Magic, Forget Spell, Divine Exegesis


You were on level 10 of the Dungeon.
You worshipped Sif Muna.
Sif Muna was extremely pleased with you.
You visited 3 branches of the dungeon, and saw 16 of its levels.
You also visited: Volcano.

You collected 932 gold pieces.
You spent 215 gold pieces at shops.


Innate Abilities, Weirdness & Mutations

You have a beak for a mouth.
You have claws for feet.
Your magical nature lets you fly swiftly and evasively.


   Skills:
 - Level 6.0 Fighting
 - Level 4.0 Staves
 - Level 4.0 Armour
 - Level 9.0 Dodging
 - Level 6.0 Stealth
 - Level 4.0 Shields
 - Level 8.0 Spellcasting
 + Level 11.5 Conjurations
 + Level 16.9 Air Magic
 + Level 6.7 Poison Magic
 - Level 9.0 Invocations
 - Level 6.1 Evocations


You had 8 spell levels left.
You knew the following spells:

 Your Spells              Type           Power      Damage    Failure   Level
a - Airstrike             Air            35%        2d(6-22)  1%          4
l - Lightning Bolt        Conj/Air       32%        1d49      1%          5
m - Mephitic Cloud        Conj/Pois/Air  58%        N/A       1%          3
p - Poisonous Vapours     Pois/Air       100%       N/A       1%          2
t - Static Discharge      Conj/Air       100%       2-7/arc   1%          2
X - Arcjolt               Conj/Air       32%        1d42      1%          5

Your spell library contained the following spells:

 Spells                   Type           Power      Damage    Failure   Level
 Shock                    Conj/Air       100%       1d9       1%          1
 Cigotuvi's Dreadful Rot  Necr/Pois/Air  88%        N/A       1%          2
 Swiftness                Air            71%        N/A       1%          3
 Vhi's Electric Charge    Tloc/Air       94%        N/A       1%          3
 Sting                    Tmut/Pois      64%        1d6       3%          1
 Spider Form              Tmut/Pois      16%        N/A       9%          3
 Beastly Appendage        Tmut           12%        N/A       12%         1
 Slow                     Hex            24%        N/A       12%         1
 Ensorcelled Hibernation  Hex/Ice        12%        N/A       19%         2
 Passwall                 Tmut/Erth      5%         N/A       19%         2
 Sublimation of Blood     Necr           6%         N/A       19%         2
 Wereblood                Tmut           6%         N/A       19%         2
 Confusing Touch          Hex            6%         N/A       34%         3
 Inner Flame              Hex/Fire       6%         N/A       34%         3
 Vampiric Draining        Necr           6%         2d6       34%         3
 Animate Armour           Summ/Erth      12%        N/A       75%         4
 Cause Fear               Hex            3%         N/A       75%         4
 Iron Shot                Conj/Erth      11%        9d3       86%         6
 Blade Hands              Tmut           3%         N/A       97%         5
 Summon Hydra             Summ           3%         N/A       100%        7
 Discord                  Hex            3%         N/A       100%        8

Inventory:

Hand Weapons
 x - a +4 dagger of protection
 G - the +2 long sword of Ruination {flame, rPois Int+3 Stlth+}
   (You took it off an orc on level 7 of the Dungeon)

   Int:       It affects your intelligence (+3).
   rPois:     It protects you from poison.
   Stlth:     It makes you more stealthy.
 X - a +2 dagger of holy wrath
Missiles
 B - 2 throwing nets {=f}
 L - 12 curare-tipped darts {=f}
Armour
 a - a +0 robe
 g - a +0 pair of gloves (worn)
 p - +0 fire dragon scales
 y - a +0 cloak (worn)
 H - a +0 troll leather armour
 I - a +0 buckler
 K - +0 acid dragon scales
 Q - the +2 robe "Syatoj" (worn) {rPois rC++ Regen+ Int-5}
   (You found it on level 1 of the Lair of Beasts)

   Int:       It affects your intelligence (-5).
   rC:        It greatly protects you from cold.
   rPois:     It protects you from poison.
   Regen:     It increases your rate of health regeneration.
Magical Staves
 z - a staff of conjuration {!a}
 D - a staff of death {!a}
 R - a staff of earth {!a}
 S - a staff of air (weapon) {!a}
Jewellery
 c - a ring of ice
 C - a ring of ice
 M - a ring of magical power (left hand)
 V - a ring of ice
 W - a ring of willpower (right hand)
Wands
 t - a wand of flame (52)
 A - a wand of mindburst (1)
 F - a wand of paralysis (2)
 N - a wand of digging (4)
Scrolls
 f - 2 scrolls of amnesia
 h - 6 scrolls of enchant weapon
 l - 3 scrolls of fear
 r - 5 scrolls of fog
 v - 3 scrolls of enchant armour
 w - 3 scrolls of teleportation {@r2}
 E - 2 scrolls of brand weapon
 P - 2 scrolls of blinking
 U - a scroll of immolation {unknown}
 Y - a scroll of poison
Potions
 b - 4 potions of magic
 d - 2 potions of resistance
 e - 10 potions of curing {unknown}
 i - 3 potions of berserk rage {!q}
 j - 5 potions of degeneration
 k - 4 potions of mutation
 m - a potion of haste {@q3}
 n - 5 potions of invisibility
 o - 4 potions of brilliance
 q - 3 potions of might
 s - 2 potions of attraction {unknown}
 u - 2 potions of cancellation
 O - a potion of lignification
 T - 3 potions of heal wounds {@q2}

Dungeon Overview and Level Annotations

Branches:
Dungeon (10/15)            Temple (1/1) D:7            Lair (5/5) D:8
  Swamp (0/4) Lair:2       Spider (0/4) Lair:3        Slime (0/5) Lair:4
Volcano (visited)
    Orc: D:9-12

Altars:
Ashenzari
Cheibriados
Dithmenos
Elyvilon
Fedhas
Gozag
Kikubaaqudgha
Nemelex Xobeh
Okawaru
Qazlal
Ru
Sif Muna
Trog
Uskayaw
Vehumet
Wu Jian
Xom
Yredelemnul
The Shining One
Lugonu

Shops:
D:5 ?   D:8 *   D:9 ?

Portals:
Abyss: Lair:5

*,,* *,,,+,,+***+***+,,+, *,,*
#...░,,*,+,,,+,*,,*, *,,*
#...░,,*,*,,,*,*,,*, *,,*
#...+**+,*,⚑,*,+**+, *,,*
#...░,,*,*,,,*,*,,*, *,,*
#...░,,*,+,,,+,*,,*, * *,,*
#...+,,+***+***+,,+, * *,,*****
#.[.░,,*,,,,,,,*,,**
****,,,,,,***#.)@░,,*,,,,,,,*,,*
,<,,,,***,,,,#.)l░**+***+***+***
,,,,,**,,,,,,#○.e[,,,,,*,*,,,*
**,,,*,,*,*,.°☼○...,,,,*,,,,**
*,,,,*,*,,*..☼(.....,,,***,,*
,,****,,,*#).....(...,,* *,,*
,**,,,***#............,* *,,*
,*,,*,*,,..............* *,,*
,*,*,,*,,,,,,,,,,,,,,,,* *,,*


You could see a komodo dragon and a deep elf pyromancer (confused).


Message History

The centaur is engulfed in noxious fumes.
The centaur shoots an arrow.
The arrow hits you! The komodo dragon bites you!
* * * LOW HITPOINT WARNING * * *
Unknown command.
Casting: Mephitic Cloud (safe; 1% risk of failure)
Confirm with . or Enter, or press ? or * to list all spells.
Aiming: Airstrike (safe; 1% risk of failure)
Press: ? - help, Dir - move target, f - centaur
Aim: a centaur, wielding a +0 shortbow (noxious fumes, empty space bonus: 5/8)
You feel a surge of power!
The air twists around and strikes the centaur!!
You kill the centaur!
Sif Muna accepts your kill.
Sif Muna will now gift you books as you gain piety.
You are covered in liquid flames!
* * * LOW HITPOINT WARNING * * *
The deep elf pyromancer is engulfed in noxious fumes.
The komodo dragon bites you!!
* * * LOW HITPOINT WARNING * * *
Casting: Airstrike (safe; 1% risk of failure)
Confirm with . or Enter, or press ? or * to list all spells.
Aiming: Airstrike (safe; 1% risk of failure)
Press: ? - help, Dir - move target, f - deep elf pyromancer
Aim: a deep elf pyromancer, wielding a +0 long sword and wearing a +0 ring mail (noxious fumes, moderately wounded, confused, empty space bonus: 8/8)
You feel a surge of power!
The air twists around and strikes the deep elf pyromancer!
The deep elf pyromancer is heavily wounded.
The deep elf pyromancer is engulfed in noxious fumes.
The komodo dragon bites you!!
You die...

Skill      XL: |  1  2  3  4  5  6  7  8  9 10 11 12 13 14 |
---------------+-------------------------------------------+-----
Dodging        | 3 4 5 9 |  9.0
Air Magic      | 5 6 9 13 14 16 | 16.9
Spellcasting   | 3 4 8 |  8.0
Conjurations   | 2 3 5 8 11 | 11.5
Poison Magic   | 1 3 4 5 6 |  6.7
Fighting       | 3 6 |  6.0
Staves         | 3 4 |  4.0
Armour         | 3 4 |  4.0
Evocations     | 3 6 |  6.1
Invocations    | 7 9 |  9.0
Stealth        | 6 |  6.0
Shields        | 3 4 |  4.0

Action                   |  1- 3 |  4- 6 |  7- 9 | 10-12 | 13-15 || total
-------------------------+-------+-------+-------+-------+-------++-------
Melee: Unarmed           |     2 |     4 |       |       |       ||     6
       Peck              |     1 |     1 |       |     4 |     5 ||    11
       Kick              |       |     4 |     1 |    12 |    13 ||    30
       Dagger            |       |     2 |     4 |     6 |     5 ||    17
       Staff             |       |       |       |    16 |    31 ||    47
       Punch             |       |       |       |       |     1 ||     1
 Cast: Shock             |    58 |    99 |    61 |    37 |       ||   255
       Static Discharge  |       |     4 |     3 |    34 |     6 ||    47
       Poisonous Vapours |       |    37 |    43 |    38 |    67 ||   185
       Mephitic Cloud    |       |    10 |    11 |    25 |    24 ||    70
       Airstrike         |       |       |    54 |   238 |   213 ||   505
       Arcjolt           |       |       |       |     4 |    26 ||    30
       Lightning Bolt    |       |       |       |       |    42 ||    42
Invok: Channel Magic     |       |       |       |     1 |       ||     1
Evoke: Wand              |       |       |       |    14 |    15 ||    29
  Use: Potion            |       |     1 |     1 |     4 |       ||     6
       Scroll            |       |     5 |     1 |    11 |     7 ||    24
 Stab: Confused          |       |     1 |     1 |     2 |     2 ||     6
       Sleeping          |       |       |       |     1 |       ||     1
Armor: Robe              |     3 |     2 |     3 |     5 |    30 ||    43
       Troll leather arm |       |       |       |     5 |       ||     5
       Fire dragon scale |       |       |       |    13 |       ||    13
Dodge: Dodged            |    11 |    32 |    24 |   117 |   160 ||   344

Levels and vault maps discovered:
D:1:      minmay_arrival_four_circles, layout_loops_ring, supply_closet_lemuel,
          minivault_26
D:2:      layout_loops_ring, ebering_ecumenical_altar_hall
D:3:      layout_loops_ring, minmay_between
D:4:      kennysheep_goblin_castle, layout_basic, nicolae_gozag_seed_capital,
          uniq_grinder
D:5:      layout_loops_ring, serial_shops, shop, uniq_pikel, uniq_sigmund,
          uniq_blork_the_orc
D:6:      layout_rooms, mainiacjoe_overflow_brackets
D:7:      layout_basic, nicolae_sif_muna_condensation, lemuel_round_altar,
          minmay_temple_entry_stoned_glass, corexii_item_surrounded_by_moat
D:8:      layout_basic, nicolae_overflow_hallway_of_the_gods, tso_metal_star,
          erik_lair_orcish_takeover, serial_shops, shop_statue,
          introduction_to_nature_1, uniq_maggie
D:9:      layout_loops_cross, serial_shops, nicolae_shop_statue_plus,
          grunt_ministairs_4, minivault_16, hangedman_decor_slide_cut,
          uniq_erica
D:10:     layout_long_grid, grunt_temple_overflow_order_and_chaos_2,
          mainiacjoe_overflow_24_doors, enter_bailey_7, minmay_bent, uniq_snorg
Temple:   corrupted_temple
Lair:1:   layout_misc_corridors
Lair:2:   layout_cave_pods, palyth_hydra_swamp_entry
Lair:3:   layout_small_grid, spider_nest_entry_funnel_web, basic_altar
Lair:4:   layout_long_grid, minmay_slime_entry_oklob_enclosed, enter_volcano_1,
          dreamdust_mushroom_princess, nzn_random_ring
Lair:5:   hellmonk_lair_end_abyssal_woods, layout_loops_ring,
          lemuel_fruit_fields

Notes
Turn   | Place    | Note
-------+----------+-------------------------------------------
     0 | D:1      | quinnr the Tengu Air Elementalist began the quest for the
                  | Orb.
     0 | D:1      | Reached XP level 1. HP: 10/10 MP: 4/4
   420 | D:1      | Reached XP level 2. HP: 15/15 MP: 1/6
  1372 | D:2      | Found a faded altar of an unknown god.
  1524 | D:2      | Reached XP level 3. HP: 12/19 MP: 3/7
  2022 | D:3      | Reached skill level 3 in Dodging
  2218 | D:3      | Learned a level 2 spell: Static Discharge
  2285 | D:3      | Reached skill level 5 in Air Magic
  2405 | D:3      | Reached skill level 3 in Spellcasting
  2405 | D:3      | Reached XP level 4. HP: 19/24 MP: 7/9
  2654 | D:3      | Learned a level 3 spell: Mephitic Cloud
  2924 | D:3      | Gained mutation: Your magical nature lets you fly swiftly
                  | and evasively. [Tengu growth]
  2924 | D:3      | Reached XP level 5. HP: 28/28 MP: 6/10
  3350 | D:4      | Found an opulent altar of Gozag.
  3561 | D:4      | Noticed Grinder
  3770 | D:4      | Reached skill level 2 in Conjurations
  3819 | D:4      | Learned a level 2 spell: Poisonous Vapours
  3834 | D:4      | Reached skill level 1 in Poison Magic
  4272 | D:4      | Reached skill level 6 in Air Magic
  4272 | D:4      | Reached XP level 6. HP: 27/32 MP: 1/12
  4477 | D:4      | Reached skill level 3 in Conjurations
  4505 | D:4      | Noticed Robin
  4514 | D:4      | Killed Robin
  4515 | D:4      | Reached skill level 2 in Poison Magic
  5175 | D:5      | Entered Level 5 of the Dungeon
  5279 | D:5      | Reached skill level 3 in Poison Magic
  5303 | D:5      | Noticed Blork the orc
  5509 | D:5      | Found Daass's Magic Scroll Boutique.
  5513 | D:5      | Bought a scroll of identify for 24 gold pieces
  5513 | D:5      | Bought a scroll of teleportation for 36 gold pieces
  5517 | D:5      | Bought a scroll of fog for 48 gold pieces
  5536 | D:5      | Noticed Pikel
  5552 | D:5      | Killed Pikel
  5553 | D:5      | Reached skill level 3 in Fighting
  5553 | D:5      | Reached skill level 9 in Air Magic
  5553 | D:5      | Reached XP level 7. HP: 28/41 MP: 4/13
  5553 | D:5      | Reached XP level 8. HP: 32/46 MP: 4/14
  5816 | D:4      | Learned a level 4 spell: Airstrike
  5888 | D:4      | Killed Grinder
  6061 | D:4      | Reached skill level 4 in Conjurations
  6103 | D:5      | Killed Blork the orc
  6599 | D:5      | Noticed Sigmund
  6977 | D:5      | Reached skill level 4 in Dodging
  7103 | D:5      | Reached skill level 1 in Staves
  7443 | D:5      | Killed Sigmund
  7444 | D:5      | Reached skill level 2 in Staves
  7444 | D:5      | Reached skill level 4 in Poison Magic
  7514 | D:6      | Identified a potion of resistance
  7520 | D:6      | Reached skill level 5 in Conjurations
  7661 | D:6      | Reached skill level 3 in Staves
  7671 | D:6      | Reached XP level 9. HP: 42/50 MP: 8/15
  7672 | D:6      | Reached skill level 10 in Air Magic
  8101 | D:6      | Found a white marble altar of Elyvilon.
  8251 | D:7      | Found a shimmering blue altar of Sif Muna.
  8256 | D:7      | Reached skill level 4 in Staves
  8256 | D:7      | Reached skill level 5 in Dodging
  8320 | D:7      | Became a worshipper of Sif Muna the Loreminder
  8380 | D:7      | Identified the +2 long sword of Ruination {flame, rPois
                  | Int+3 Stlth+}
  8433 | D:7      | Reached skill level 5 in Poison Magic
  8556 | D:7      | Found a staircase to the Ecumenical Temple.
  8560 | D:7      | Noticed a hornet
  8563 | D:7      | Killed a hornet
  8564 | D:7      | Reached skill level 11 in Air Magic
  8571 | Temple   | Entered the Ecumenical Temple
  9152 | D:7      | Found a shadowy altar of Dithmenos.
  9160 | D:7      | Reached skill level 12 in Air Magic
  9314 | D:8      | Noticed a troll
  9318 | D:8      | Killed a troll
  9521 | D:8      | Reached skill level 1 in Armour
  9609 | D:8      | Reached * piety under Sif Muna
  9610 | D:8      | Reached skill level 2 in Armour
  9622 | D:8      | Reached skill level 13 in Air Magic
  9636 | D:8      | Reached skill level 3 in Armour
  9636 | D:8      | Reached XP level 10. HP: 31/56 MP: 16/16
  9825 | D:8      | Reached skill level 4 in Armour
 10144 | D:8      | Found a glowing golden altar of the Shining One.
 10215 | D:8      | Found Ceriuw's Assorted Antiques.
 10224 | D:8      | Bought a scroll labelled BESHI IGOXECSU for 23 gold pieces
 10286 | D:8      | Found a staircase to the Lair.
 10324 | D:8      | Found a sacrificial altar of Ru.
 10329 | D:8      | Found a hide-covered altar of Uskayaw.
 10335 | D:8      | Found a sparkling altar of Nemelex Xobeh.
 10335 | D:8      | Found a broken altar of Ashenzari.
 10336 | D:8      | Noticed Maggie
 10341 | D:8      | Killed Maggie
 10342 | D:8      | Reached skill level 14 in Air Magic
 10440 | D:8      | Found a basalt altar of Yredelemnul.
 11112 | D:8      | Reached skill level 6 in Dodging
 11206 | D:8      | Got the Elucidation of Nature
 11308 | Lair:1   | Entered Level 1 of the Lair of Beasts
 11320 | Lair:1   | Noticed a black mamba
 11325 | Lair:1   | Killed a black mamba
 11326 | Lair:1   | Reached skill level 7 in Dodging
 11633 | Lair:1   | Reached skill level 8 in Dodging
 11822 | D:8      | Reached skill level 9 in Dodging
 11822 | D:8      | Reached skill level 1 in Evocations
 11835 | D:8      | Reached skill level 2 in Evocations
 12065 | Lair:1   | Noticed a cane toad
 12072 | Lair:1   | Killed a cane toad
 12073 | Lair:1   | Reached skill level 3 in Evocations
 12073 | Lair:1   | Reached XP level 11. HP: 60/60 MP: 12/17
 12178 | Lair:1   | Reached skill level 4 in Evocations
 12189 | Lair:1   | Reached skill level 5 in Evocations
 12734 | Lair:1   | Identified the +2 robe "Syatoj" {rPois rC++ Regen+ Int-5}
 12922 | Lair:2   | Reached skill level 6 in Evocations
 13047 | Lair:2   | Reached skill level 1 in Invocations
 13187 | Lair:2   | Reached skill level 2 in Invocations
 13191 | Lair:2   | Reached skill level 3 in Invocations
 13218 | Lair:1   | Reached ** piety under Sif Muna
 13442 | Lair:2   | Reached skill level 4 in Invocations
 13690 | Lair:2   | Reached skill level 5 in Invocations
 13818 | Lair:2   | Noticed a four-headed hydra
 13834 | Lair:2   | Killed a four-headed hydra
 13835 | Lair:2   | Reached skill level 6 in Invocations
 14326 | Lair:2   | Noticed a seven-headed hydra
 14508 | Lair:2   | Killed a seven-headed hydra
 14509 | Lair:2   | Reached skill level 7 in Invocations
 14859 | Lair:2   | Reached XP level 12. HP: 64/64 MP: 14/18
 15037 | Lair:2   | Noticed a four-headed hydra
 15053 | Lair:2   | Killed a four-headed hydra
 15054 | Lair:2   | Reached skill level 8 in Invocations
 15599 | Lair:2   | Found a staircase to the Swamp.
 15836 | Lair:3   | Reached skill level 9 in Invocations
 16060 | Lair:3   | Reached skill level 3 in Stealth
 16372 | Lair:3   | Reached skill level 4 in Fighting
 16636 | Lair:3   | Reached skill level 4 in Stealth
 16902 | Lair:3   | Found a basalt altar of Yredelemnul.
 17135 | Lair:3   | Reached skill level 5 in Fighting
 17191 | Lair:3   | Reached skill level 5 in Stealth
 17310 | Lair:3   | Found a hole to the Spider Nest.
 17448 | Lair:4   | Noticed a death yak
 17580 | Lair:4   | Found a dark tunnel.
 17589 | Volcano  | Entered a volcano
 17889 | Volcano  | Found a radiant altar of Vehumet.
 17897 | Volcano  | Reached skill level 1 in Shields
 18009 | Volcano  | Noticed a fire dragon
 18066 | Volcano  | HP: 6/68 [fire dragon/blast of flame (10)]
 18072 | Volcano  | Killed a fire dragon
 18073 | Volcano  | Reached skill level 2 in Shields
 18697 | Lair:4   | Noticed a death yak
 18697 | Lair:4   | Noticed a death yak
 18697 | Lair:4   | Noticed a death yak
 18734 | Lair:4   | Killed a death yak
 18735 | Lair:4   | Reached skill level 6 in Fighting
 18735 | Lair:4   | Reached skill level 6 in Stealth
 18889 | Lair:3   | Learned a level 5 spell: Arcjolt
 18929 | Lair:4   | Noticed a catoblepas
 18948 | Lair:4   | HP: 5/70 [basilisk (6)]
 18953 | Lair:4   | HP: 2/70 [basilisk (8)]
 19125 | Lair:4   | Reached skill level 3 in Shields
 19254 | Lair:4   | Reached skill level 4 in Spellcasting
 19254 | Lair:4   | Reached XP level 13. HP: 74/74 MP: 5/20
 19405 | Lair:4   | Reached *** piety under Sif Muna
 19616 | Lair:4   | Reached skill level 4 in Shields
 19773 | Lair:3   | Reached skill level 5 in Spellcasting
 19773 | Lair:3   | Reached skill level 15 in Air Magic
 20273 | Lair:4   | Reached skill level 16 in Air Magic
 20290 | Lair:4   | Found a staircase to the Slime Pits.
 20745 | Lair:4   | Learned a level 5 spell: Lightning Bolt
 20848 | Lair:4   | Reached skill level 6 in Spellcasting
 21594 | Lair:5   | Entered Level 5 of the Lair of Beasts
 21837 | Lair:5   | Reached skill level 7 in Spellcasting
 22220 | Lair:5   | Reached skill level 6 in Conjurations
 22549 | Lair:5   | Noticed an entropy weaver
 22899 | Lair:5   | Reached skill level 7 in Conjurations
 23147 | Lair:5   | Reached skill level 8 in Spellcasting
 23231 | Lair:5   | Reached skill level 8 in Conjurations
 23231 | Lair:5   | Reached XP level 14. HP: 80/80 MP: 15/27
 23560 | Lair:5   | Reached skill level 9 in Conjurations
 24039 | Lair:5   | Reached skill level 10 in Conjurations
 24043 | Lair:5   | Reached **** piety under Sif Muna
 25754 | Lair:5   | Reached skill level 6 in Poison Magic
 26079 | Lair:5   | Found a corrupted altar of Lugonu.
 26079 | Lair:5   | Found a one-way gate to the infinite horrors of the Abyss.
 26156 | Lair:5   | Reached skill level 11 in Conjurations
 26463 | D:9      | Found Zuet's Magic Scroll Boutique.
 26573 | D:9      | Bought a scroll of identify for 28 gold pieces
 26573 | D:9      | Bought a scroll of identify for 28 gold pieces
 26573 | D:9      | Bought a scroll of identify for 28 gold pieces
 27665 | D:9      | Noticed Erica
 27670 | D:9      | Killed Erica
 27885 | D:10     | Entered Level 10 of the Dungeon
 28020 | D:10     | Noticed Snorg
 28111 | D:10     | Killed Snorg
 28295 | D:10     | Reached ***** piety under Sif Muna
 28295 | D:10     | HP: 5/80 [komodo dragon (shapeshifter) (27)]
 28296 | D:10     | Demolished by a komodo dragon (shapeshifter)

Vanquished Creatures
  Snorg (D:10)
  A fire dragon (Volcano)
  A catoblepas (Lair:4)
  6 hydras
  An anaconda (shapeshifter) (Lair:5)
  A two-headed ogre (D:9)
  Erica (D:9)
  8 death yaks
  4 thrashing horrors (Lair:5)
  A fire crab (Lair:4)
  Pikel (D:5)
  An orange crystal statue (D:9)
  2 lindwurms
  2 oklob plants (Lair:4)
  A large abomination (Lair:5)
  8 elephants
  5 black mambas
  A torpor snail (shapeshifter) (Lair:5)
  2 molten gargoyles (Volcano)
  2 smoke demons (Lair:5)
  Maggie (D:8)
  11 cane toads
  5 rime drakes
  9 komodo dragons
  2 ancient zymes (Lair:5)
  2 trolls
  5 hornets
  A queen bee (shapeshifter) (D:9)
  29 blink frogs
  Grinder (D:4)
  5 dream sheep (Lair:5)
  7 small abominations (Lair:5)
  Sigmund (D:5)
  A shadow (D:9)
  4 ynoxinuls (Lair:5)
  2 spriggans (Lair:5)
  3 wyverns
  3 fire bats (Volcano)
  2 culicivoras (Lair:3)
  23 yaks
  6 basilisks
  3 wargs (D:8)
  A steam dragon (Volcano)
  2 redbacks (Lair:3)
  4 swamp worms (Lair:2)
  2 hell hounds (Volcano)
  11 water moccasins
  2 orc warriors
  A sky beast (D:7)
  15 wolves
  An ogre (D:5)
  3 centaurs
  A phantom (D:6)
  2 kobold brigands
  Blork the orc (D:5)
  10 bullfrogs
  2 necrophages
  2 scorpions
  5 killer bees (D:9)
  2 oklob saplings (D:8)
  2 howler monkeys
  4 lava snakes (Volcano)
  6 orc priests
  2 hounds
  8 iguanas
  12 orc wizards
  Robin (D:4)
  14 adders
  11 gnolls
  A shadow imp (D:6)
  A dart slug (D:5)
  42 orcs
  5 bats
  6 endoplasms
  2 giant cockroaches
  19 goblins
  2 hobgoblins
  9 jackals
  3 quokkas
  14 ball pythons
  2 frilled lizards
  11 kobolds
  3 rats
423 creatures vanquished.

Vanquished Creatures (others)
  52 fungi
  37 plants
89 creatures vanquished.

Grand Total: 512 creatures vanquished

Table legend: (Time is in decaauts)
 A = Elapsed time spent in this place.
 B = Non-inter-level travel time spent in this place.
 C = Inter-level travel time spent in this place.
 D = Time resting spent in this place.
 E = Time spent auto-exploring this place.
 F = Levels seen in this place.
 G = Mean time per level.
                   A        B        C        D        E       F      G
               +--------+--------+--------+--------+--------+-----+--------+
         Total |  27288 |  26128 |   1160 |   6201 |  15837 |  17 | 1605.2 |
       Dungeon |  13064 |  12642 |    422 |   2528 |   8419 |  10 | 1306.4 |
        Temple |     84 |     74 |     10 |      0 |     62 |   1 |   84.0 |
          Lair |  13109 |  12381 |    728 |   3152 |   7345 |   5 | 2621.8 |
       Volcano |   1029 |   1029 |      0 |    520 |      9 |   1 | 1029.0 |
               +--------+--------+--------+--------+--------+-----+--------+

Top non-repeatable levels by time:
  Lair:5: 3482 daAuts
  Lair:4: 3345 daAuts
     D:4: 2451 daAuts
  Lair:1: 2218 daAuts
     D:8: 2202 daAuts
  Lair:3: 2045 daAuts
  Lair:2: 2018 daAuts
     D:9: 1824 daAuts
     D:3: 1624 daAuts
     D:5: 1484 daAuts
 Volcano: 1029 daAuts
     D:2: 976 daAuts
     D:7: 902 daAuts
     D:1: 873 daAuts
     D:6: 691 daAuts

Table legend:
 A = Non-vault XP
 B = Vault XP
 C = Vault XP percentage of total XP
 D = Non-vault monster count
 E = Vault monster count
 F = Vault count percentage of total count
                 A         B        C        D         E       F
            +---------+---------+-------+---------+---------+-------
      Total |   44922 |   30323 |  40.3 |     277 |     146 |  34.5
            +---------+---------+-------+---------+---------+-------
        D:1 |      11 |       0 |   0.0 |       7 |       0 |   0.0
        D:2 |      27 |       0 |   0.0 |       9 |       0 |   0.0
        D:3 |     110 |      21 |  16.0 |      21 |       5 |  19.2
        D:4 |     460 |     312 |  40.4 |      31 |      22 |  41.5
        D:5 |     291 |     961 |  76.8 |      13 |       3 |  18.8
        D:6 |     453 |       0 |   0.0 |      15 |       0 |   0.0
        D:7 |    1211 |       0 |   0.0 |      20 |       0 |   0.0
        D:8 |    1752 |    1786 |  50.5 |      13 |      28 |  68.3
        D:9 |    1961 |    2079 |  51.5 |      19 |       8 |  29.6
       D:10 |     104 |    1452 |  93.3 |       7 |       4 |  36.4
     Lair:1 |    4535 |       0 |   0.0 |      17 |       0 |   0.0
     Lair:2 |    6799 |    2470 |  26.6 |      31 |       8 |  20.5
     Lair:3 |    5873 |     761 |  11.5 |      20 |       4 |  16.7
     Lair:4 |   11603 |    4981 |  30.0 |      26 |      11 |  29.7
     Lair:5 |    9732 |   12269 |  55.8 |      28 |      39 |  58.2
    Volcano |       0 |    3231 | 100.0 |       0 |      14 | 100.0
            +---------+---------+-------+---------+---------+-------
